Map: 匹昂台地

Players

Quail - Winner!

  • Race: Protoss Protoss
  • League: Diamond

vampirelian

  • Race: Zerg Zerg
  • League: Platinum

VOD

Have the link to the VOD?

Description

Time

  • Played on: Dec. 5, 2015, 9:49 a.m.
  • Length: 10:06
Show
View Real Time Build Order
Export as new Build Order

Quail Protoss - Winner!

Build Orders: 1 Gate Expand 

Get SALT Encoding   

  12  0:01  Probe (Chrono Boost)  
  13  0:11  Probe (Chrono Boost)  
  14  0:17  Pylon  
  14  0:22  Probe (Chrono Boost)  
  16  0:35  Probe (Chrono Boost)  
  16  0:38  Gateway  
  16  0:42  Assimilator  
  16  0:46  Probe (Chrono Boost)  
  17  0:56  Probe (Chrono Boost)  
  18  1:07  Probe (Chrono Boost)  
  19  1:32  Probe (Chrono Boost)  
  20  1:36  Nexus  
  20  1:38  Pylon  
  20  1:44  Cybernetics Core  
  20  1:50  Probe (Chrono Boost)  
  21  2:00  Probe (Chrono Boost)  
  22  2:02  Assimilator  
  22  2:11  Probe (Chrono Boost)  
  23  2:21  Robotics Facility  
  23  2:23  Gateway  
  23  2:28  Adept  
  25  2:35  Probe (Chrono Boost)  
  26  2:46  Mothership Core (Chrono Boost)  
  26  2:50  Gateway  
  28  2:53  Probe (Chrono Boost)  
  29  3:03  Probe (Chrono Boost)  
  29  3:04  Probe (Chrono Boost)  
  33  3:05  Adept  
  33  3:14  Probe x2 (Chrono Boost)  
  35  3:24  Probe (Chrono Boost)  
  35  3:25  Probe (Chrono Boost)  
  35  3:35  Probe x2 (Chrono Boost)  
  35  3:37  Sentry  
  35  3:39  Sentry  
  41  3:45  Probe (Chrono Boost)  
  41  3:46  Probe (Chrono Boost)  
  43  3:56  Probe x2 (Chrono Boost)  
  43  3:58  Gateway, Warp Gate (Chrono Boost)  
  43  3:59  Observer  
  44  4:05  Pylon  
  44  4:06  Probe (Chrono Boost)  
  44  4:07  Probe (Chrono Boost)  
  46  4:22  Warp Prism  
  46  4:23  Adept x2  
  53  4:24  Probe  
  53  4:32  Gateway  
  53  4:37  Probe  
  49  4:39  Probe  
  51  4:45  Pylon  
  51  4:48  Probe  
  45  4:56  Probe  
  45  4:58  Probe  
  46  5:04  Adept  
  46  5:05  Adept x2  
  53  5:08  Probe  
  53  5:09  Probe, Robotics Bay  
  53  5:12  Gateway  
  55  5:14  Assimilator  
  55  5:20  Probe  
  55  5:21  Pylon  
  56  5:28  Probe  
  56  5:33  Probe, Assimilator  
  58  5:39  Probe, Pylon  
  59  5:55  Adept x2  
  59  5:56  Adept x2  
  54  6:17  Adept  
  54  6:18  Adept x3  
  59  6:30  Probe  
  59  6:31  Probe  
  53  6:40  Probe  
  53  6:41  Adept x2  
  53  6:43  Probe  
  53  6:51  Probe  
  54  6:55  Probe  
  54  7:00  Adept x3  
  61  7:01  Probe  
  61  7:07  Probe  
  58  7:08  Adept  
  58  7:09  Adept  
  58  7:12  Probe (Chrono Boost)  
  59  7:20  Probe (Chrono Boost)  
  60  7:24  Probe (Chrono Boost)  
  61  7:31  Probe (Chrono Boost)  
  61  7:32  Adept x2  
  61  7:35  Probe (Chrono Boost)  
  67  7:41  Probe (Chrono Boost)  
  68  7:45  Probe (Chrono Boost)  
  69  7:52  Probe (Chrono Boost)  
  69  7:56  Probe (Chrono Boost)  
  69  7:57  Adept x3  
  69  7:58  Adept  
  77  8:02  Probe (Chrono Boost)  
  77  8:03  Pylon  
  78  8:08  Probe (Chrono Boost)  
  73  8:21  Adept x5  
  81  8:30  Twilight Council  
  81  8:31  Disruptor (Chrono Boost)  
  72  9:06  Stalker x2  
  72  9:07  Stalker, Disruptor (Chrono Boost)  
  63  9:30  Robotics Facility  
  63  9:31  Adept x2  
  55  9:38  Adept  
  59  9:39  Probe  
  59  9:40  Probe  
  61  9:49  Adept x2  
Show
View Real Time Build Order
Export as new Build Order

vampirelian Zerg 

Build Orders: Hatch First 

Get SALT Encoding   

  12  0:01  Drone  
  13  0:09  Drone  
  14  0:17  Overlord  
  15  0:35  Drone x2  
  15  0:36  Drone  
  17  0:46  Drone  
  18  1:03  Hatchery  
  17  1:08  Extractor  
  16  1:21  Spawning Pool  
  15  1:26  Drone x3  
  18  1:57  Hatchery  
  17  2:09  Zergling x6  
  17  2:10  Queen  
  22  2:20  Drone  
  23  2:25  Metabolic Boost  
  23  2:34  Queen  
  25  2:42  Drone x2  
  27  2:47  Evolution Chamber  
  26  2:54  Drone  
  26  2:57  Drone  
  28  3:02  Overlord  
  25  3:35  Zergling x2  
  25  3:36  Zergling x20  
  36  3:52  Extractor  
  34  4:05  Drone x8  
  43  4:11  Overlord  
  43  4:26  Overlord  
  39  4:57  Zergling x18  
  39  4:58  Zergling x6  
  47  5:10  Drone x2  
  47  5:11  Drone  
  50  5:14  Lair  
  50  5:26  Queen  
  50  5:27  Drone  
  53  5:29  Spine Crawler  
  53  5:30  Overlord x2  
  53  5:31  Spine Crawler  
  53  5:32  Drone x4  
  55  5:36  Extractor x2  
  53  5:54  Drone  
  53  5:55  Roach Warren, Drone x2  
  53  5:56  Zergling x10  
  57  6:09  Zergling x8  
  57  6:10  Zergling x6  
  50  6:39  Drone x2  
  47  6:47  Drone  
  47  6:48  Drone x4  
  47  6:49  Drone x2  
  47  6:51  Zerg Ground Armor Level 1  
  53  7:20  Extractor  
  50  7:28  Roach  
  50  7:29  Roach x10  
  72  7:30  Glial Reconstitution  
  69  8:17  Overseer  
  59  8:21  Roach x8  
  53  8:34  Roach  
  53  8:35  Roach x10  
  65  8:44  Zergling x2  
  65  8:45  Zergling x2  
  64  9:04  Drone x3  
  67  9:10  Drone  
  67  9:11  Overlord  
  66  9:36  Drone  
  67  9:45  Drone  
  68  9:49  Drone  
Tags
 
Add a new tag
Caveats
  • Supply blocks, unpowered buildings, or Contaminate may cause inaccurate times.
  • Supply counts are checked every 10 seconds.